 Dungeon Crawl Stone Soup version 0.27.0-1-g7a089689b8 (webtiles) character file.

Game seed: 825260158965979244

8871 RepoMan the Reanimator (level 11, -12/98 (99) HPs)
             Began as a Deep Dwarf Necromancer on July 31, 2021.
             Was a Follower of Ru.
             Mangled by a two-headed ogre (31 damage)
             ... on level 9 of the Dungeon.
             The game lasted 01:29:37 (12479 turns).

RepoMan the Reanimator (Deep Dwarf Necromancer)    Turns: 12479, Time: 01:29:37

HP:   -12/98 (99)   AC: 11    Str: 19    XL:     11   Next: 15%
MP:   1/20          EV: 15    Int: 17    God:    Ru [*.....]
Gold: 400           SH:  0    Dex: 16    Spells: 2/22 levels left

rFire    + . .     SeeInvis .   D - +7 scimitar of Blood-Lust {venom, *Noise rElec Str+5}
rCold    + . .     Faith    .   (no shield)
rNeg     . . .     Spirit   .   B - +0 leather armour {rC+}
rPois    .         Reflect  .   (no helmet)
rElec    +         Harm     .   (no cloak)
rCorr    .         Rampage  .   K - +1 pair of gloves {Dex+3}
Will     +....                  J - +0 pair of boots
Stlth    ..........             (no amulet)
HPRegen  0.00/turn              p - +4 ring of protection
MPRegen  0.17/turn              s - ring of protection from fire

@: lightly drained
A: damage resistance, heal wounds, sense surroundings 2, no stealth, missing an
eye, no regeneration
a: Heal Wounds, Renounce Religion


You were on level 9 of the Dungeon.
You worshipped Ru.
Ru was aware of your devotion.
You visited 2 branches of the dungeon, and saw 10 of its levels.

You collected 480 gold pieces.
You spent 80 gold pieces at shops.

Inventory:

Hand Weapons
 D - the +7 scimitar of Blood-Lust (weapon) {venom, *Noise rElec Str+5}
   (You took it off a deep elf pyromancer on level 9 of the Dungeon)

   It poisons the flesh of those it strikes.
   Str:       It affects your strength (+5).
   rElec:     It insulates you from electricity.
   *Noise:    It may make noises in combat.
 E - a +1 vampiric dagger
Missiles
 C - 13 silver javelins
Armour
 B - a +0 leather armour of cold resistance (worn)
 J - a +0 pair of boots (worn)
 K - a +1 pair of gloves of dexterity (worn)
Jewellery
 a - a ring of wizardry
 p - a +4 ring of protection (left hand)
 r - a ring of wizardry
 s - a ring of protection from fire (right hand)
 v - a ring of protection from cold
 y - a ring of willpower
 M - a ring of ice
Wands
 g - a wand of flame (9)
 j - a wand of paralysis (1)
Scrolls
 b - 2 scrolls of magic mapping {unknown}
 c - a scroll of torment {unknown}
 e - a scroll of summoning {unknown}
 i - 7 scrolls of identify
 k - a scroll of teleportation
 l - a scroll of holy word {unknown}
 n - 2 scrolls of enchant armour {unknown}
 u - 2 scrolls of noise {unknown}
 w - 2 scrolls of immolation
 z - a scroll of brand weapon {unknown}
 A - a scroll of silence {unknown}
 F - a scroll of enchant weapon {unknown}
 G - a scroll of fear {unknown}
 O - a scroll of blinking {unknown}
Potions
 d - a potion of mutation
 f - 2 potions of might
 m - 2 potions of magic
 H - 2 potions of curing
 L - a potion of ambrosia {unknown}


   Skills:
 + Level 6.4 Fighting
 * Level 0.7 Long Blades
 + Level 7.8 Armour
 + Level 7.1 Dodging
 + Level 6.3 Spellcasting
 * Level 12.0 Necromancy


You had 2 spell levels left.
You knew the following spells:

 Your Spells              Type           Power      Damage    Failure   Level
a - Agony                 Necr           46%        N/A       2%          5
c - Death Channel         Necr           23%        N/A       16%         6
d - Animate Dead          Necr           23%        N/A       1%          4
s - Animate Skeleton      Necr           92%        N/A       1%          1
v - Vampiric Draining     Necr           23%        2d9       1%          3
z - Pain                  Necr           100%       1d9       1%          1

Your spell library contained the following spells:

 Spells                   Type           Power      Damage    Failure   Level
 Summon Small Mammal      Summ           20%        N/A       14%         1
 Searing Ray              Conj           10%        3d3       22%         2
 Slow                     Hex            5%         N/A       22%         2
 Excruciating Wounds      Necr           23%        N/A       2%          5
 Call Canine Familiar     Summ           5%         N/A       38%         3
 Confusing Touch          Hex            5%         N/A       38%         3
 Gell's Gravitas          Tloc           2%         N/A       38%         3
 Portal Projectile        Hex/Tloc       10%        N/A       38%         3
 Summon Guardian Golem    Hex/Summ       5%         N/A       38%         3
 Teleport Other           Tloc           5%         N/A       38%         3
 Hailstorm                Conj/Ice       5%         3d4       80%         4
 Blade Hands              Tmut           2%         N/A       98%         5
 Dispersal                Tloc           2%         N/A       100%        6
 Malign Gateway           Summ/Tloc      2%         N/A       100%        7
 Orb of Destruction       Conj           2%         9d1       100%        7
 Summon Horrible Things   Summ           2%         N/A       100%        8


Dungeon Overview and Level Annotations

Branches:
Dungeon (9/15)             Temple (1/1) D:5            Lair (0/6) D:8
    Orc: D:9-12

Altars:
Ashenzari
Cheibriados
Dithmenos
Elyvilon
Gozag
Hepliaklqana
Kikubaaqudgha
Nemelex Xobeh
Okawaru
Ru
Sif Muna
Trog
Vehumet
Wu Jian
Xom
Yredelemnul
Zin
The Shining One

Shops:
D:2 ?   D:7 !

Annotations:
D:2 1 runed translucent door
D:4 exclusion: sky beast


Innate Abilities, Weirdness & Mutations

You are resistant to damage.
You can heal yourself by infusing magical energy.
You passively map the area around you.
You cannot be stealthy.
You are missing an eye, making it more difficult to aim.
You do not regenerate.


Message History

Aiming: Paralyse
Press: ? - help, Shift-Dir - straight line, f/p - two-headed ogre
Aim: a two-headed ogre, wielding two +0 giant clubs (lightly wounded, chance to affect: 28%)
Okay, then.
Unknown command.
Casting: Vampiric Draining (safe; 1% risk of failure)
Confirm with . or Enter, or press ? or * to list all spells.
Aiming: Agony (dangerous; 2% risk of failure)
Press: ? - help, Shift-Dir - straight line, f/p - two-headed ogre
Aim: a two-headed ogre, wielding two +0 giant clubs (lightly wounded, chance to affect: 92%)
The two-headed ogre convulses!
The two-headed ogre closely misses you.
You riposte.
You barely miss the two-headed ogre.
The two-headed ogre is heavily wounded.
The two-headed ogre completely misses you.
Casting: Agony (dangerous; 2% risk of failure)
Confirm with . or Enter, or press ? or * to list all spells.
Aiming: Vampiric Draining (safe; 1% risk of failure)
Press: ? - help, Shift-Dir - straight line, f/p - two-headed ogre
Aim: a two-headed ogre, wielding two +0 giant clubs (heavily wounded)
You draw life force from the two-headed ogre!
You feel life coursing into your body!
The two-headed ogre hits you with a +0 giant club! x2
Unknown command.
You hit the two-headed ogre but do no damage.
The two-headed ogre is poisoned.
The two-headed ogre is severely wounded.
The two-headed ogre hits you with a +0 giant club!!
* * * LOW HITPOINT WARNING * * *
The two-headed ogre hits you with a +0 giant club!
* * * LOW HITPOINT WARNING * * *
You feel much better.
You closely miss the two-headed ogre.
The two-headed ogre is almost dead.
The two-headed ogre hits you with a +0 giant club.
* * * LOW HITPOINT WARNING * * *
The two-headed ogre hits you with a +0 giant club!
* * * LOW HITPOINT WARNING * * *
Unknown command.
The two-headed ogre hits you with a +0 giant club!!
You die...

###########[#.#.# ####...##
#.#...###........
########.##.........##..
#.....[..##.###'#...#### #
#.#########..##.........
##########.##########.##.########
..÷........#..........##.#
..##########..........##.#
≈.#........#....@O.....#.#
≈...######.#.............#
≈≈..#....#.#....####.....#
##.'#.#..#.#....# #.....#
......#..#.#....# ###'#.########
##.........#....# ####...........
≈≈...#######....###.......#######
≈....'.....'....'.......>.#
≈....#######....###.####..#


You could see a two-headed ogre (very poisoned).

Vanquished Creatures
  Harold (D:6)
  A two-headed ogre (D:9)
  A deep elf pyromancer (D:9)
  An ugly thing (D:8)
  A komodo dragon (D:8)
  A troll (D:9)
  A hornet (D:9)
  A shadow (D:5)
  11 yaks
  A basilisk (D:9)
  Eustachio (D:4)
  4 steam dragons
  Edmund (D:5)
  2 water moccasins (D:9)
  2 orc warriors
  A sky beast (D:7)
  A black bear (D:5)
  An ice beast (D:8)
  3 ogres
  A hornet zombie (D:7)
  2 necrophages
  2 centaurs
  A phantom (D:4)
  2 kobold brigands
  2 scorpions
  3 bullfrogs
  A gnoll sergeant (D:9)
  9 killer bees
  5 wights (D:9)
  A howler monkey (D:9)
  2 hounds
  A jelly (D:6)
  3 orc priests
  2 centaur zombies
  2 bullfrog skeletons (D:5)
  A gnoll shaman (D:8)
  2 centaur skeletons (D:6)
  2 iguanas
  Natasha (thrice) (D:3)
  6 orc wizards
  2 hound skeletons
  3 howler monkey zombies
  A river rat (D:4)
  7 adders
  5 gnolls
  A shadow imp (D:8)
  2 white imps
  An ufetubus (D:5)
  2 worms (D:3)
  A dart slug (D:3)
  13 orcs
  5 ball pythons
  6 endoplasms
  5 giant cockroaches
  5 goblins
  3 hobgoblins
  18 jackals
  2 quokkas
  6 bats
  2 frilled lizards (D:1)
  17 kobolds
  11 rats
207 creatures vanquished.

Vanquished Creatures (collateral kills)
  A goblin (D:3)
  A jackal (D:3)
  A rat (D:3)
3 creatures vanquished.

Vanquished Creatures (others)
  2 fungi (D:2)
  40 plants
42 creatures vanquished.

Grand Total: 252 creatures vanquished

Notes
Turn   | Place    | Note
-------+----------+-------------------------------------------
     0 | D:1      | RepoMan the Deep Dwarf Necromancer began the quest for the
                  | Orb.
     0 | D:1      | Reached XP level 1. HP: 15/15 MP: 3/3
   173 | D:1      | Learned a level 1 spell: Animate Skeleton
   356 | D:1      | Reached XP level 2. HP: 24/24 MP: 1/4
   940 | D:1      | Reached XP level 3. HP: 25/30 MP: 3/6
  1001 | D:1      | Learned a level 3 spell: Vampiric Draining
  1027 | D:1      | Reached skill level 1 in Armour
  1201 | D:2      | Found Plog's Magic Scroll Boutique.
  1205 | D:2      | Bought a scroll of identify for 28 gold pieces
  1345 | D:2      | Reached skill level 1 in Fighting
  1422 | D:2      | Reached skill level 5 in Necromancy
  2047 | D:2      | Found a runed translucent door.
  2216 | D:3      | Reached XP level 4. HP: 21/38 MP: 1/7
  2996 | D:3      | Noticed Natasha
  3003 | D:3      | Killed Natasha
  3010 | D:3      | Noticed Natasha
  3014 | D:3      | Killed Natasha
  3015 | D:3      | Reached XP level 5. HP: 13/44 MP: 4/8
  3335 | D:3      | Reached skill level 6 in Necromancy
  3388 | D:3      | Noticed Natasha
  3390 | D:3      | Killed Natasha
  4146 | D:4      | Reached XP level 6. HP: 20/52 MP: 2/10
  4585 | D:4      | Found a sparkling altar of Nemelex Xobeh.
  4708 | D:4      | Noticed a sky beast
  4747 | D:5      | Entered Level 5 of the Dungeon
  4747 | D:5      | Noticed Eustachio
  4755 | D:4      | Killed Eustachio
  4927 | D:4      | Reached XP level 7. HP: 41/61 MP: 11/11
  4963 | D:5      | Reached skill level 7 in Necromancy
  5243 | D:5      | Learned a level 4 spell: Animate Dead
  5555 | D:5      | Found a staircase to the Ecumenical Temple.
  5561 | Temple   | Entered the Ecumenical Temple
  5592 | Temple   | Became a worshipper of Ru the Awakened
  5798 | D:5      | Reached XP level 8. HP: 61/69 MP: 5/13
  5899 | D:5      | Got the Disquisition on Harmful Necromancy
  5960 | D:5      | Reached skill level 8 in Necromancy
  6124 | D:5      | Noticed Edmund
  6133 | D:5      | Killed Edmund
  6157 | D:5      | Learned a level 5 spell: Agony
  7028 | D:6      | Reached skill level 5 in Armour
  7309 | D:6      | Reached skill level 9 in Necromancy
  7322 | D:6      | Gained mutation: You passively map the area around you.
                  | [Deep Dwarf growth]
  7322 | D:6      | Reached XP level 9. HP: 49/79 MP: 8/15
  7698 | D:6      | Gained mutation: You are missing an eye, making it more
                  | difficult to aim. [Ru sacrifice]
  7698 | D:6      | Reached * piety under Ru
  8051 | D:7      | Noticed Harold
  8065 | D:6      | Killed Harold
  8066 | D:6      | Reached skill level 5 in Fighting
  8066 | D:6      | Reached skill level 5 in Dodging
  8066 | D:6      | Reached skill level 5 in Spellcasting
  8066 | D:6      | Reached skill level 10 in Necromancy
  8505 | D:7      | Found Winaguof's Distillery.
  8583 | D:7      | Bought a potion of degeneration for 13 gold pieces
  8583 | D:7      | Bought a potion of curing for 39 gold pieces
  9070 | D:8      | Reached XP level 10. HP: 70/88 MP: 13/18
  9676 | D:8      | Found a staircase to the Lair.
  9709 | D:8      | Learned a level 6 spell: Death Channel
 10007 | D:9      | Noticed Joseph
 10013 | D:9      | Noticed Joseph
 10013 | D:9      | Joseph changed into Joseph the jackal
 10022 | D:9      | Killed Joseph the jackal
 10563 | D:8      | Reached skill level 11 in Necromancy
 11201 | D:9      | Noticed a two-headed ogre
 11232 | D:9      | Killed a two-headed ogre
 11312 | D:9      | Paralysed by a hornet for 3 turns
 11592 | D:9      | Noticed a brown ugly thing
 11808 | D:8      | Killed a brown ugly thing
 11810 | D:8      | Gained mutation: You cannot be stealthy. [Ru sacrifice]
 11913 | D:8      | Reached XP level 11. HP: 26/97 MP: 8/20
 12142 | D:9      | Identified the +7 scimitar of Blood-Lust {venom, *Noise
                  | rElec Str+5}
 12142 | D:9      | Noticed a deep elf pyromancer
 12156 | D:9      | Killed a deep elf pyromancer
 12438 | D:9      | Reached skill level 12 in Necromancy
 12461 | D:9      | Noticed a two-headed ogre
 12479 | D:9      | Mangled by a two-headed ogre

Illustrated notes

Levels and vault maps discovered:
D:1:      onia_arrival_handbag, layout_loops_ring
D:2:      layout_basic, serial_shops, nicolae_shop_stone,
          uniq_crazy_yiuf_cottage
D:3:      minmay_angry_zag, layout_basic, uniq_natasha
D:4:      layout_basic, kennysheep_little_box, minivault_4, st_stairs_2
D:5:      mumra_celtic_spiral_tile, layout_loops_ring,
          minmay_temple_entry_wispy, serial_bayou, serial_bayou_pond_d,
          serial_bayou_lagoon_a, serial_bayou_pond_e, serial_bayou_shore_b,
          uniq_edmund, uniq_eustachio
D:6:      layout_cave_pools, ebering_dispersal_statue_hall
D:7:      layout_cave_pools, serial_shops,
          nicolae_shop_competitors_out_of_business, uniq_harold
D:8:      layout_loops_ring, david_lair_shrubbed, chequers_serial_rivers_marsh
D:9:      layout_basic, grunt_decor_junction, minmay_pinched_square, uniq_joseph
Temple:   minmay_crystal_spiral_temple

Skill      XL: |  1  2  3  4  5  6  7  8  9 10 11 |
---------------+----------------------------------+-----
Spellcasting   | 2 3 4 5 6 |  6.3
Armour         | 1 2 3 4 5 6 7 |  7.8
Fighting       | 1 2 3 4 5 6 |  6.4
Necromancy     | 5 6 7 9 10 11 12 | 12.0
Dodging        | 4 5 6 7 |  7.1
Stealth        | 0 |  0.0
Long Blades    | |  0.7

Action                   |  1- 3 |  4- 6 |  7- 9 | 10-12 || total
-------------------------+-------+-------+-------+-------++-------
Melee: Hand axe          |    51 |    32 |    12 |       ||    95
       Flail             |       |       |    57 |    32 ||    89
       Dagger            |       |       |    36 |    62 ||    98
       Scimitar          |       |       |       |     4 ||     4
Throw: Throwing net      |       |       |     2 |     3 ||     5
       Javelin           |       |       |       |    22 ||    22
 Cast: Pain              |    89 |    63 |    73 |    22 ||   247
       Animate Skeleton  |     3 |     1 |     2 |       ||     6
       Vampiric Draining |       |    17 |    57 |    72 ||   146
       Agony             |       |       |       |    16 ||    16
       Animate Dead      |       |       |       |     1 ||     1
       Death Channel     |       |       |       |     1 ||     1
Invok: Sacrifice an Eye  |       |       |     1 |       ||     1
       Sacrifice Stealth |       |       |       |     1 ||     1
Evoke: Wand              |       |     9 |    20 |    23 ||    52
  Use: Scroll            |       |       |     7 |     1 ||     8
       Potion            |       |       |       |     3 ||     3
 Stab: Sleeping          |       |     1 |     1 |       ||     2
       Paralysed         |       |       |     9 |       ||     9
       Held in net/web   |       |       |       |     2 ||     2
       Distracted        |       |       |       |     1 ||     1
Armor: Ring mail         |    38 |    22 |    15 |       ||    75
       Robe              |     1 |       |       |       ||     1
       Leather armour    |       |       |    58 |    49 ||   107
Dodge: Dodged            |    64 |    32 |   141 |   114 ||   351
       Rpst.: Scimitar   |       |       |       |     1 ||     1
